 Dungeon Sprint DCSS version 0.28-a0-247-gb8bfbab023 (webtiles) character file.

Game seed: 9131073993017480894

12600000 MikeHunt the Conqueror (level 27, -102/273 HPs)
             Began as a Ghoul Warper on Aug 25, 2021.
             Was the Champion of Makhleb.
             Annihilated by a fleshlord (184 damage)
             ... in the Dungeon (Sprint VIII: "Arena of Blood").
             The game lasted 00:05:05 (126 turns).

MikeHunt the Conqueror (Ghoul Warper)                Turns: 126, Time: 00:05:05

Health: -102/273   AC:  6    Str: 20    XL:     27
Magic:  32/53      EV: 28    Int:  8    God:    Makhleb [******]
Gold:   0          SH:  0    Dex: 16    Spells: 80/80 levels left

rFire   . . .      SeeInvis .   i - +∞ Axe of Woe
rCold   + . .      Faith    .   (shield currently unavailable)
rNeg    + + +      Spirit   .   b - +0 leather armour
rPois   ∞          Reflect  .   (no helmet)
rElec   .          Harm     .   (no cloak)
rCorr   .          Rampage  .   (no gloves)
Will    ++...      NoTele   +   (no boots)
Stlth   +++++++++.              (no amulet)
HPRegen 0.00/turn               (no ring)
MPRegen 0.33/turn               (no ring)

@: inhibited regen, slowed, very slow
A: claws 1, cold resistance 1, negative energy resistance 3, inhibited
regeneration, torment resistance 2
a: Renounce Religion, Minor Destruction, Lesser Servant of Makhleb, Major
Destruction, Greater Servant of Makhleb


You were in the Dungeon.
You worshipped Makhleb.
Makhleb was exalted by your worship.
You visited 1 branch

Inventory:

Hand Weapons
 a - a +0 hand axe
 i - the +∞ Axe of Woe (weapon)
   (You found it in the Dungeon)
Missiles
 d - 5 boomerangs of dispersal (quivered)
Armour
 b - a +0 leather armour (worn)
Scrolls
 c - 2 scrolls of blinking
Potions
 e - a potion of curing
 f - a potion of heal wounds
 h - 2 potions of magic


   Skills:
 O Level 27 Fighting
 O Level 27 Short Blades
 O Level 27 Long Blades
 O Level 27 Axes
 O Level 27 Maces & Flails
 O Level 27 Polearms
 O Level 27 Staves
 O Level 27 Slings
 O Level 27 Bows
 O Level 27 Crossbows
 O Level 27 Throwing
 O Level 27 Armour
 O Level 27 Dodging
 O Level 27 Stealth
 O Level 27 Shields
 O Level 27 Unarmed Combat
 O Level 27 Spellcasting
 O Level 27 Conjurations
 O Level 27 Hexes
 O Level 27 Summonings
 O Level 27 Necromancy
 O Level 27 Translocations
 O Level 27 Transmutations
 O Level 27 Fire Magic
 O Level 27 Ice Magic
 O Level 27 Air Magic
 O Level 27 Earth Magic
 O Level 27 Poison Magic
 O Level 27 Invocations
 O Level 27 Evocations


You had 80 spell levels left.
You didn't know any spells.
Your spell library contained the following spells:

 Spells                   Type           Power      Damage    Failure   Level
 Blink                    Tloc           N/A        N/A       0%          2
 Gell's Gravitas          Tloc           26%        N/A       0%          3
 Lesser Beckoning         Tloc           26%        N/A       0%          3
 Teleport Other           Tloc           52%        N/A       0%          3
 Manifold Assault         Tloc           52%        N/A       0%          5


Dungeon Overview and Level Annotations

Branches:
Dungeon (1/1)

Altars:
Makhleb


Innate Abilities, Weirdness & Mutations

You thrive by killing the living.
You are immune to poison.
You have sharp fingernails.
Your flesh is cold resistant. (rC+)
You are immune to negative energy. (rN+++)
You do not regenerate when monsters are visible.
You are immune to unholy pain and torment.


Message History

You feel better.
You slash the dread!
You hew the dread savagely.
You destroy the dread!
Makhleb accepts your kill.
The fleshlord appears out of thin air!
A fleshlord comes into view. It is wielding a +9 great mace.
You feel yourself speed up.
You hear a shout! x3
The fleshlord casts a spell at you.
You barely resist.
You hear a shout! x3
A bag of meat comes into view. It is wielding a +9 war axe.
Memorise Blink, consuming 2 spell levels and leaving 78?
The fleshlord appears out of thin air!
You hear a shout! x7
The fleshlord casts a spell.
The fleshlord seems to speed up.
You hear a shout! x3
You start memorising the spell.
You continue memorising.
The fleshlord appears out of thin air!
You hear a shout! x6
The fleshlord points at you and mumbles some strange words.
Your memorisation is interrupted.
You feel yourself slow down.
You hear a shout!
The fleshlord shouts!
A fleshlord comes into view. It is wielding a +9 great mace.
The fleshlord appears out of thin air!
A fleshlord comes into view. It is wielding a +9 great mace.
The fleshlord appears out of thin air!
A fleshlord comes into view. It is wielding a +9 great mace.
The fleshlord appears out of thin air!
A fleshlord comes into view. It is wielding a +9 great mace.
The fleshlord shouts!
You hear a shout! x7
The fleshlord gestures at you while chanting.
You barely resist.
You hear a shout! x2
The fleshlord hits you with a +9 great mace!!!!!
Ouch! That really hurt!
You hear a shout!
The fleshlord hits you with a +9 great mace!!!!!
Ouch! That really hurt!
You die...

#.. ...# ...o ###..
...###.........
.....###............. #
.o...._.................
#..)..#.......#.#....
#_)<)_#..............
...#..)..#).....#p#.#...
......_))......pp.......
.....###)).....)@#.#.#..
###......)###).†)p.....#
#.....))#.))))........
.#.....))#)))p)°......#
.......)†)p))))).......
......)..)p))#☼..#.....
........†.))#)...#.....
..........##).p..#.....
#........#......#....##


You could see 8 fleshlords.

Vanquished Creatures
  6 hell beasts (D)
  6 royal mummies (D)
  8 great orbs of eyes (D)
  7 wraiths (D)
  8 vampire knights (D)
  29 ogres (D)
  12 two-headed ogres (D)
  9 liches (D)
  13 hydras (D)
  63 orcs (D)
  5 phantoms (D)
  9 skeletal warriors (D)
  3 sea snakes (D)
178 creatures vanquished.

Notes
Turn   | Place    | Note
-------+----------+-------------------------------------------
     0 | D        | Found the +∞ Axe of Woe
     0 | D        | MikeHunt the Ghoul Warper began the quest for the Orb.
     0 | D        | Reached XP level 1. HP: 17/17 MP: 2/2
     2 | D        | Noticed a bag of meat
     3 | D        | Noticed a bag of meat
     4 | D        | Became a worshipper of Makhleb the Destroyer
     5 | D        | Noticed a bag of meat
     5 | D        | Noticed a bag of meat
     5 | D        | Noticed a bag of meat
     7 | D        | Noticed a meat berserker
     8 | D        | Killed a bag of meat
     8 | D        | Noticed a bag of meat
     9 | D        | Reached skill level 10 in Axes
     9 | D        | Reached skill level 10 in Throwing
     9 | D        | Reached skill level 10 in Armour
     9 | D        | Reached skill level 10 in Dodging
     9 | D        | Reached skill level 10 in Translocations
     9 | D        | Reached XP level 2. HP: 42/42 MP: 2/11
     9 | D        | Reached XP level 3. HP: 49/49 MP: 2/13
     9 | D        | Reached XP level 4. HP: 57/57 MP: 2/14
     9 | D        | Reached XP level 5. HP: 63/63 MP: 2/16
     9 | D        | Reached XP level 6. HP: 71/71 MP: 2/17
     9 | D        | Reached XP level 7. HP: 78/78 MP: 2/19
     9 | D        | Reached XP level 8. HP: 84/84 MP: 2/20
     9 | D        | Reached XP level 9. HP: 91/91 MP: 2/21
     9 | D        | Reached XP level 10. HP: 99/99 MP: 2/22
     9 | D        | Reached XP level 11. HP: 105/105 MP: 2/23
     9 | D        | Reached XP level 12. HP: 113/113 MP: 2/24
     9 | D        | Killed a bag of meat
     9 | D        | Reached * piety under Makhleb
    10 | D        | Reached skill level 15 in Fighting
    10 | D        | Reached XP level 13. HP: 127/127 MP: 2/25
    10 | D        | Killed a meat berserker
    11 | D        | Reached XP level 14. HP: 144/144 MP: 2/26
    11 | D        | Killed a bag of meat
    12 | D        | Reached XP level 15. HP: 155/155 MP: 2/27
    12 | D        | Reached ** piety under Makhleb
    13 | D        | Noticed a meat berserker
    15 | D        | Reached XP level 16. HP: 168/168 MP: 2/28
    17 | D        | Noticed a meat berserker
    18 | D        | Noticed a meat berserker
    19 | D        | Reached *** piety under Makhleb
    20 | D        | Noticed a large bag of meat
    21 | D        | Killed a meat berserker
    21 | D        | Noticed a meat berserker
    22 | D        | Reached XP level 17. HP: 185/185 MP: 3/29
    22 | D        | Noticed a large bag of meat
    24 | D        | Killed a meat berserker
    25 | D        | Reached XP level 18. HP: 199/199 MP: 4/30
    25 | D        | Noticed a meat berserker
    25 | D        | Noticed a large bag of meat
    26 | D        | Noticed a meat berserker
    26 | D        | Reached **** piety under Makhleb
    26 | D        | Killed a meat berserker
    26 | D        | Noticed a destroyer
    27 | D        | Reached skill level 27 in Fighting
    27 | D        | Reached XP level 19. HP: 207/207 MP: 4/31
    28 | D        | Reached ***** piety under Makhleb
    28 | D        | Noticed a large bag of meat
    31 | D        | Noticed a meat berserker
    31 | D        | Noticed a large bag of meat
    31 | D        | Noticed a destroyer
    32 | D        | Noticed a meat berserker
    32 | D        | Noticed a sculptor of flesh
    32 | D        | Noticed a meat berserker
    32 | D        | Noticed a meat berserker
    34 | D        | Reached skill level 27 in Axes
    34 | D        | Reached skill level 27 in Armour
    34 | D        | Reached skill level 27 in Dodging
    34 | D        | Noticed a destroyer
    35 | D        | Reached skill level 10 in Unarmed Combat
    35 | D        | Reached skill level 10 in Invocations
    36 | D        | Reached skill level 10 in Slings
    36 | D        | Reached XP level 20. HP: 216/216 MP: 5/36
    36 | D        | Noticed a destroyer
    36 | D        | Killed a meat berserker
    36 | D        | Noticed a meat berserker
    37 | D        | Reached skill level 15 in Unarmed Combat
    37 | D        | Reached skill level 15 in Spellcasting
    37 | D        | Reached skill level 15 in Invocations
    37 | D        | Noticed a large bag of meat
    38 | D        | Killed a meat berserker
    38 | D        | Reached ****** piety under Makhleb
    38 | D        | Killed a meat berserker
    38 | D        | Killed a destroyer
    39 | D        | Reached XP level 21. HP: 152/224 MP: 6/42
    39 | D        | Reached XP level 22. HP: 158/233 MP: 6/43
    40 | D        | Killed a destroyer
    41 | D        | Reached XP level 23. HP: 240/240 MP: 6/47
    41 | D        | Killed a large bag of meat
    42 | D        | Reached skill level 27 in Stealth
    42 | D        | Noticed a large bag of meat
    43 | D        | Killed a large bag of meat
    43 | D        | Killed a large bag of meat
    43 | D        | Noticed a destroyer
    44 | D        | Reached skill level 27 in Slings
    44 | D        | Reached skill level 27 in Throwing
    44 | D        | Reached skill level 27 in Unarmed Combat
    44 | D        | Reached skill level 27 in Translocations
    44 | D        | Reached skill level 27 in Invocations
    44 | D        | Reached XP level 24. HP: 195/249 MP: 6/52
    44 | D        | Killed a large bag of meat
    44 | D        | Noticed a large bag of meat
    45 | D        | Reached skill level 27 in Spellcasting
    45 | D        | Reached XP level 25. HP: 231/257 MP: 7/53
    46 | D        | Noticed a destroyer
    48 | D        | Reached XP level 26. HP: 249/266 MP: 7/53
    49 | D        | Reached skill level 27 in Maces & Flails
    49 | D        | Reached skill level 27 in Polearms
    49 | D        | Reached skill level 15 in Staves
    51 | D        | Reached skill level 27 in Staves
    51 | D        | Reached skill level 5 in Ice Magic
    51 | D        | Reached skill level 5 in Earth Magic
    51 | D        | Reached XP level 27. HP: 258/273 MP: 8/53
    52 | D        | Noticed a tyrant
    53 | D        | Killed a large bag of meat
    54 | D        | Reached skill level 10 in Short Blades
    54 | D        | Reached skill level 10 in Long Blades
    54 | D        | Reached skill level 10 in Bows
    54 | D        | Reached skill level 10 in Crossbows
    54 | D        | Reached skill level 10 in Necromancy
    54 | D        | Reached skill level 10 in Poison Magic
    54 | D        | Killed a destroyer
    54 | D        | Killed a large bag of meat
    54 | D        | Noticed a tyrant
    54 | D        | Noticed a tyrant
    55 | D        | Killed a tyrant
    56 | D        | Reached skill level 15 in Ice Magic
    56 | D        | Reached skill level 15 in Earth Magic
    56 | D        | Noticed a tyrant
    56 | D        | Killed a destroyer
    57 | D        | Reached skill level 15 in Short Blades
    57 | D        | Reached skill level 15 in Long Blades
    57 | D        | Reached skill level 15 in Bows
    57 | D        | Reached skill level 15 in Crossbows
    57 | D        | Reached skill level 15 in Necromancy
    57 | D        | Reached skill level 15 in Poison Magic
    57 | D        | Killed a large bag of meat
    57 | D        | Noticed an accursed
    58 | D        | Reached skill level 15 in Shields
    58 | D        | Reached skill level 15 in Summonings
    58 | D        | Reached skill level 15 in Transmutations
    58 | D        | Reached skill level 15 in Evocations
    58 | D        | Killed a destroyer
    58 | D        | Killed a destroyer
    62 | D        | Noticed a dread
    62 | D        | Noticed a tyrant
    63 | D        | Killed a tyrant
    63 | D        | Killed a large bag of meat
    63 | D        | Killed a tyrant
    63 | D        | Killed a tyrant
    63 | D        | Noticed an accursed
    63 | D        | Noticed a dread
    63 | D        | Noticed a large bag of meat
    64 | D        | Noticed a tyrant
    65 | D        | Noticed a meat beast
    66 | D        | Killed an accursed
    68 | D        | Noticed a meat beast
    69 | D        | Killed a dread
    69 | D        | Noticed an accursed
    70 | D        | Killed a tyrant
    71 | D        | Reached skill level 27 in Ice Magic
    71 | D        | Reached skill level 27 in Earth Magic
    71 | D        | Killed an accursed
    71 | D        | Killed a tyrant
    71 | D        | Killed a meat beast
    72 | D        | Reached skill level 27 in Short Blades
    72 | D        | Reached skill level 27 in Long Blades
    72 | D        | Reached skill level 27 in Bows
    72 | D        | Reached skill level 27 in Crossbows
    72 | D        | Reached skill level 27 in Necromancy
    72 | D        | Reached skill level 27 in Poison Magic
    72 | D        | Noticed a meat beast
    72 | D        | Noticed a tyrant
    73 | D        | Reached skill level 27 in Shields
    73 | D        | Reached skill level 27 in Summonings
    73 | D        | Reached skill level 27 in Transmutations
    73 | D        | Reached skill level 27 in Evocations
    73 | D        | Killed a meat beast
    73 | D        | Killed a dread
    74 | D        | Reached skill level 27 in Conjurations
    74 | D        | Reached skill level 27 in Hexes
    74 | D        | Reached skill level 27 in Fire Magic
    74 | D        | Reached skill level 27 in Air Magic
    74 | D        | Killed a large bag of meat
    74 | D        | Killed a meat beast
    77 | D        | Noticed a tyrant
    78 | D        | Noticed a meat beast
    80 | D        | Killed a meat beast
    82 | D        | Killed an accursed
    83 | D        | Killed a tyrant
    83 | D        | Noticed a meat beast
    85 | D        | Killed a tyrant
    87 | D        | Killed a meat beast
    87 | D        | Noticed a meat beast
    91 | D        | Killed a meat beast
    94 | D        | Noticed a large bag of meat
    97 | D        | Noticed a large bag of meat
    97 | D        | Noticed an accursed
   100 | D        | Noticed an accursed
   100 | D        | Noticed a destroyer
   100 | D        | Noticed a destroyer
   101 | D        | Killed a destroyer
   102 | D        | Killed a large bag of meat
   104 | D        | Killed an accursed
   104 | D        | Killed a destroyer
   106 | D        | Killed an accursed
   107 | D        | Noticed a large bag of meat
   107 | D        | Noticed a tyrant
   108 | D        | Killed a large bag of meat
   110 | D        | Noticed a dread
   112 | D        | Noticed a dread
   112 | D        | Noticed a dread
   113 | D        | Killed a tyrant
   113 | D        | Noticed an accursed
   115 | D        | Killed a large bag of meat
   115 | D        | Noticed a dread
   117 | D        | Killed a dread
   117 | D        | Noticed a dread
   119 | D        | Killed an accursed
   119 | D        | Killed a dread
   120 | D        | Killed a dread
   120 | D        | Killed a dread
   120 | D        | Noticed a fleshlord
   121 | D        | Noticed a fleshlord
   123 | D        | Killed a dread
   124 | D        | Noticed a fleshlord
   125 | D        | Noticed a fleshlord
   126 | D        | Noticed a fleshlord
   126 | D        | Annihilated by a fleshlord

Illustrated notes

Levels and vault maps discovered:
D:        meatsprint

Skill      XL: |  1  2  3  4  5  6  7  8  9 10 11 12 13 14 15 16 17 18 19 20 21 22 23 24 25 26 27 |
---------------+----------------------------------------------------------------------------------+-----
Fighting       | 12 15 18 19 21 25 26 27 | 27.0
Axes           | 10 13 16 17 19 22 23 26 27 | 27.0
Throwing       | 10 14 19 22 27 | 27.0
Armour         | 10 13 16 17 19 22 23 26 27 | 27.0
Dodging        | 10 13 16 17 19 22 23 26 27 | 27.0
Spellcasting   | 9 13 18 21 26 27 | 27.0
Translocations | 10 14 19 22 27 | 27.0
Slings         | 10 17 20 27 | 27.0
Stealth        | 13 22 25 27 | 27.0
Unarmed Combat | 11 20 24 27 | 27.0
Invocations    | 12 20 24 27 | 27.0
Maces & Flails | 16 26 27 | 27.0
Polearms       | 16 26 27 | 27.0
Staves         | 27 | 27.0
Short Blades   | 4 27 | 27.0
Long Blades    | 4 27 | 27.0
Bows           | 4 27 | 27.0
Crossbows      | 4 27 | 27.0
Shields        | 4 27 | 27.0
Conjurations   | 3 27 | 27.0
Hexes          | 3 27 | 27.0
Summonings     | 4 27 | 27.0
Necromancy     | 4 27 | 27.0
Transmutations | 4 27 | 27.0
Fire Magic     | 3 27 | 27.0
Ice Magic      | 5 27 | 27.0
Air Magic      | 3 27 | 27.0
Earth Magic    | 5 27 | 27.0
Poison Magic   | 4 27 | 27.0
Evocations     | 4 27 | 27.0

Action                   |  1- 3 |  4- 6 |  7- 9 | 10-12 | 13-15 | 16-18 | 19-21 | 22-24 | 25-27 || total
-------------------------+-------+-------+-------+-------+-------+-------+-------+-------+-------++-------
Melee: Executioner's axe |     1 |       |       |     1 |     4 |     5 |     6 |     5 |    59 ||    81
  Use: Potion            |     1 |       |       |       |       |       |       |       |       ||     1
Armor: Leather armour    |       |       |       |       |       |       |       |       |     5 ||     5
Dodge: Dodged            |       |       |       |       |       |     1 |       |       |    25 ||    26

Table legend: (Time is in decaauts)
 A = Elapsed time spent in this place.
 B = Non-inter-level travel time spent in this place.
 C = Inter-level travel time spent in this place.
 D = Time resting spent in this place.
 E = Time spent auto-exploring this place.
 F = Levels seen in this place.
 G = Mean time per level.
                   A        B        C        D        E       F      G
               +--------+--------+--------+--------+--------+-----+--------+
         Total |    108 |    108 |      0 |      0 |      0 |   1 |  108.0 |
       Dungeon |    108 |    108 |      0 |      0 |      0 |   1 |  108.0 |
               +--------+--------+--------+--------+--------+-----+--------+

Top non-repeatable levels by time:
       D: 108 daAuts
